 Dungeon Sprint DCSS version 0.31-a0-408-gb642c7f9a3 (webtiles) character file.

Game seed: 1006242253248583988

392 rocky1 the Unseen (level 6, -18/52 HPs)
             Began as a Naga Brigand on July 30, 2023.
             Was an Initiate of Cheibriados.
             Demolished by a human
             ... wielding a +0 hand axe
              (19 damage)
             ... in the Dungeon (Sprint III: "The Ten Rune Challenge").
             The game lasted 00:02:39 (847 turns).

rocky1 the Unseen (Naga Brigand)                     Turns: 847, Time: 00:02:40

Health: -18/52     AC:  4    Str: 14    XL:     6   Next: 80%
Magic:  8/8        EV:  9    Int: 12    God:    Cheibriados [......]
Gold:   15         SH:  0    Dex: 16    Spells: 5/5 levels left

rFire   . . .        a - +2 dagger
rCold   + . .        (no shield)
rNeg    . . .        b - +0 robe
rPois   +            (helmet restricted)
rElec   .            c - +0 cloak
rCorr   .            (no gloves)
SInv    +            (no barding)
Will    .....        (no amulet)
Stlth   +++++++      (no ring)
HPRegen 0.28/turn    (no ring)
MPRegen 0.11/turn

%: no teleportation
@: very slow
A: AC +2, large, see invisible, deformed body, poison resistance, slowness 2,
spit poison 1, naga tail 1, horns 1, cold resistance 1
a: Spit Poison, Renounce Religion


You were in the Dungeon.
You worshipped Cheibriados.
Cheibriados was noncommittal.
You visited 1 branch You collected 15 gold pieces.

Inventory:

Hand Weapons
 a - a +2 dagger (weapon)
Missiles
 d - 9 poisoned darts
 e - 2 curare-tipped darts (quivered)
Armour
 b - a +0 robe (worn)
 c - a +0 cloak (worn)
Scrolls
 k - a scroll of blinking
 m - 2 scrolls of immolation {unknown}
 n - a scroll of poison {unknown}
 o - 4 scrolls of identify
Potions
 f - a potion of curing
 h - 2 potions of haste
 i - 2 potions of magic
 l - a potion of lignification {unknown}
 p - a potion of enlightenment {unknown}
 q - a potion of might {unknown}
 r - a potion of mutation


   Skills:
 - Level 2.0 Fighting
 + Level 8.2 Short Blades
 - Level 1.7 Throwing
 - Level 0.7 Dodging
 * Level 17.6 Stealth
 + Level 3.1 Invocations


You had 5 spell levels left.
You didn't know any spells.
Your spell library was empty.

Dungeon Overview and Level Annotations

Branches:
Dungeon (1/1)

Altars:
Cheibriados
Fedhas
Gozag
Hepliaklqana
Makhleb
Nemelex Xobeh
Qazlal
Xom
Jiyva
Lugonu


Innate Abilities, Weirdness & Mutations

Your serpentine skin is tough. (AC +2)
You have supernaturally acute eyesight. (SInv)
Armour fits poorly on your strangely shaped body.
Your system is resistant to poisons. (rPois)
You cover ground very slowly.
You can spit poison.
You have a snake-like lower body.
You have a pair of small horns on your head.
Your flesh is cold resistant. (rC+)


Message History

Aim: a human, wielding a +0 hand axe (lightly wounded, berserk, 45% to hit)
The splash of poison misses the human.
The human hits you with a +0 hand axe! x2
Unknown command.
You feel much better. The human closely misses you.
Unknown command.
Okay, then.
You hit the human.
The human is lightly wounded.
The human hits you with a +0 hand axe!
You closely miss the human. Your headbutt misses the human.
The human is lightly wounded.
The human hits you with a +0 hand axe.
You hit the human.
The human is moderately wounded.
The human barely misses you.
You hit the human but do no damage. Your headbutt misses the human.
The human is moderately wounded.
The human hits you with a +0 hand axe!
* * * LOW HITPOINT WARNING * * *
Okay, then.
You hit the human but do no damage.
The human is moderately wounded.
The human misses you.
You hit the human. You headbutt the human.
The human is moderately wounded.
You have got your breath back.
You hit the human.
The human is moderately wounded.
The human barely misses you.
You hit the human.
The human is heavily wounded.
The human hits you with a +0 hand axe!
* * * LOW HITPOINT WARNING * * *
Throw: 3 darts (curare)
Press: ? - help, Q - select action, (/) - cycle Shift-Dir - straight line, f/p - human
Aim: a human, wielding a +0 hand axe (heavily wounded, berserk, 46% to hit)
You throw a curare-tipped dart.
The curare-tipped dart closely misses the human.
The human hits you with a +0 hand axe!!
You die...

.~♣ ♣♣♣.###+#+###+##
~~♣♣♣.♣.#..........#
~~~..♣..'.⌠........#
≈≈~~~♣♣.#...######'#
≈~~~....#.⌠.#__#(..#
~~~.....#...#__#...#
~.......#+###__#...#
........# #__#p..+
........# #__'@..#
▓▓▓▓▓▓▓▓▓ ▓▓▓▓▓▓▓▓


You could see a human (berserk).

Vanquished Creatures
  A shadow (D)
  A spatial vortex (D)
  A water elemental (D)
  A jelly (D)
  A human (D)
  A wolf (D)
  An endoplasm (D)
  3 rats (D)
10 creatures vanquished.

Notes
Turn   | Place    | Note
-------+----------+-------------------------------------------
     0 | D        | rocky1 the Naga Brigand began the quest for the Orb.
     0 | D        | Reached XP level 1. HP: 19/19 MP: 1/1
     6 | D        | Reached skill level 6 in Stealth
   135 | D        | Reached skill level 7 in Stealth
   239 | D        | Noticed a wolf
   246 | D        | Killed a wolf
   247 | D        | Reached skill level 8 in Stealth
   247 | D        | Reached XP level 2. HP: 26/26 MP: 2/2
   267 | D        | Gained mutation: You are dopey. (Int -2) [potion of
                  | mutation]
   267 | D        | Gained mutation: You are frail. (-10% HP) [potion of
                  | mutation]
   267 | D        | Gained mutation: You possess an exceptional clarity of
                  | mind. [potion of mutation]
   268 | D        | Lost mutation: You possess an exceptional clarity of mind.
                  | [potion of mutation]
   268 | D        | Lost mutation: You are dopey. (Int -2) [potion of mutation]
   268 | D        | Lost mutation: You are frail. (-10% HP) [potion of
                  | mutation]
   268 | D        | Gained mutation: You can exhale a cloud of poison. [potion
                  | of mutation]
   268 | D        | Gained mutation: You occasionally lose the ability to drink
                  | potions when taking damage. [potion of mutation]
   283 | D        | Lost mutation: You occasionally lose the ability to drink
                  | potions when taking damage. [potion of mutation]
   283 | D        | Lost mutation: You can exhale a cloud of poison. [potion of
                  | mutation]
   283 | D        | Gained mutation: Your flesh is cold resistant. (rC+)
                  | [potion of mutation]
   283 | D        | Gained mutation: You have a pair of small horns on your
                  | head. [potion of mutation]
   314 | D        | HP: 1/26 [human (5)]
   316 | D        | Reached skill level 10 in Stealth
   316 | D        | Reached XP level 3. HP: 2/32 MP: 3/3
   640 | D        | Noticed a water elemental
   643 | D        | Killed a water elemental
   644 | D        | Reached skill level 5 in Short Blades
   644 | D        | Reached skill level 12 in Stealth
   644 | D        | Reached XP level 4. HP: 39/39 MP: 4/4
   658 | D        | Noticed a shadow
   667 | D        | Killed a shadow
   668 | D        | Reached skill level 15 in Stealth
   668 | D        | Reached XP level 5. HP: 45/45 MP: 5/5
   668 | D        | Reached XP level 6. HP: 52/52 MP: 6/6
   671 | D        | Reached skill level 16 in Stealth
   785 | D        | Found a blossoming altar of Fedhas.
   785 | D        | Found a stormy altar of Qazlal.
   785 | D        | Found a snail-covered altar of Cheibriados.
   785 | D        | Found a burning altar of Makhleb.
   785 | D        | Found a shimmering altar of Xom.
   785 | D        | Noticed a spatial vortex
   786 | D        | Found a hazy altar of Hepliaklqana.
   786 | D        | Found an opulent altar of Gozag.
   786 | D        | Found a sparkling altar of Nemelex Xobeh.
   786 | D        | Found a corrupted altar of Lugonu.
   786 | D        | Found a viscous altar of Jiyva.
   789 | D        | Became a worshipper of Cheibriados the Contemplative
   811 | D        | Killed a spatial vortex
   812 | D        | Reached skill level 17 in Stealth
   832 | D        | Noticed a human
   846 | D        | HP: 1/52 [human/+0 hand axe (11)]
   847 | D        | Demolished by a human

Illustrated notes

Levels and vault maps discovered:
D:        dungeon_sprint_mu [sprint_mu_entry_forest, sprint_mu_temple_rooms,
          sprint_mu_d1_spiders, sprint_mu_d2_genie, sprint_mu_d3_branching,
          sprint_mu_orc_legion, sprint_mu_elf_gauntlet, sprint_mu_hive_nellie,
          sprint_mu_lair_fedhas, sprint_mu_vaults_butterflies,
          sprint_mu_slime_circle, sprint_mu_shoals_archi,
          sprint_mu_snake_twists, sprint_mu_blade_basic,
          sprint_mu_crypt_fortress, sprint_mu_tomb_spiral,
          sprint_mu_vestibule_basic, sprint_mu_gehenna_hellfire,
          sprint_mu_dis_giant, sprint_mu_tartarus_statrot,
          sprint_mu_cocytus_islands, sprint_mu_zot1]

Skill      XL: |  1  2  3  4  5  6 |
---------------+-------------------+-----
Stealth        | 8 10 12 15 17 | 17.6
Short Blades   | 3 4 5 7 8 |  8.2
Invocations    | 3 |  3.1
Fighting       | |  2.0
Throwing       | |  1.7
Dodging        | |  0.7

Action                     |  1- 3 |  4- 6 || total
---------------------------+-------+-------++-------
  Melee: Dagger            |    30 |    30 ||    60
         Headbutt          |     2 |     9 ||    11
         Punch             |       |     1 ||     1
  Throw: Dart              |       |     1 ||     1
Ability: Spit Poison       |     1 |     1 ||     2
    Use: Potion            |     3 |     2 ||     5
   Stab: Sleeping          |     3 |       ||     3
 Armour: Robe              |     3 |     1 ||     4
  Dodge: Dodged            |     8 |    11 ||    19

Table legend: (Time is in decaauts)
 A = Elapsed time spent in this place.
 B = Non-inter-level travel time spent in this place.
 C = Inter-level travel time spent in this place.
 D = Time resting spent in this place.
 E = Time spent auto-exploring this place.
 F = Levels seen in this place.
 G = Mean time per level.
                   A        B        C        D        E       F      G
               +--------+--------+--------+--------+--------+-----+--------+
         Total |    892 |    892 |      0 |    660 |      0 |   1 |  892.0 |
       Dungeon |    892 |    892 |      0 |    660 |      0 |   1 |  892.0 |
               +--------+--------+--------+--------+--------+-----+--------+

Top non-repeatable levels by time:
       D: 892 daAuts
